Map: Sequencer LE

Players

LST - Winner!

  • Race: Zerg Zerg
  • League: Bronze
  • Spawn Location: 1:00

Hybrid

  • Race: Terran Terran
  • Spawn Location: 7:00

VOD

Have the link to the VOD?

Description

Time

  • Played on: May 16, 2017, 12:10 p.m.
  • Length: 7:35
Show
View Real Time Build Order
Export as new Build Order

LST Zerg - Winner!

Build Orders: Hatch First 

Get SALT Encoding   

  12  0:04  Drone  
  13  0:17  Overlord  
  13  0:19  Drone  
  14  0:37  Drone  
  14  0:38  Drone  
  14  0:41  Drone  
  17  0:51  Drone  
  18  0:59  Hatchery  
  18  1:03  Drone  
  18  1:06  Extractor  
  17  1:18  Spawning Pool  
  16  1:20  Drone  
  16  1:24  Drone  
  18  1:34  Drone  
  19  1:46  Overlord  
  19  1:58  Drone  
  20  2:10  Queen x2  
  20  2:12  Zergling x2  
  20  2:13  Zergling x2  
  26  2:16  Drone  
  26  2:22  Drone  
  28  2:26  Metabolic Boost  
  28  2:31  Drone  
  28  2:35  Roach Warren  
  28  2:38  Drone  
  29  2:45  Drone  
  29  2:47  Drone  
  29  2:50  Drone  
  32  2:59  Overlord  
  32  3:00  Overlord  
  32  3:08  Overlord  
  32  3:23  Overlord  
  32  3:24  Roach x2  
  36  3:30  Roach x3  
  36  3:31  Roach  
  44  3:34  Overlord  
  44  3:39  Zergling x4  
  44  3:40  Zergling x2  
  47  3:49  Zergling x4  
  49  4:01  Zergling x2  
  49  4:02  Zergling x2  
  51  4:07  Zergling x2  
  52  4:14  Zergling x2  
  46  4:50  Zergling x12  
  46  4:51  Zergling x4  
  49  4:59  Zergling x12  
  44  5:28  Roach  
  44  5:29  Roach x5  
  52  6:04  Roach x6  
  54  7:11  Zergling x2  
  54  7:12  Zergling x10  
Show
View Real Time Build Order
Export as new Build Order

Hybrid Terran 

Build Orders:  

Get SALT Encoding   

  12  0:01  SCV  
  13  0:13  SCV  
  14  0:20  Supply Depot  
  14  0:25  SCV  
  15  0:42  SCV  
  16  0:46  Barracks  
  16  0:54  SCV  
  17  1:07  SCV  
  18  1:18  Command Center  
  18  1:19  SCV  
  19  1:33  Orbital Command  
  19  1:34  Marine  
  20  1:47  Supply Depot  
  20  1:52  Marine  
  21  2:01  SCV  
  22  2:08  Barracks  
  22  2:11  Refinery  
  22  2:13  SCV  
  22  2:14  Marine, Refinery  
  24  2:26  SCV  
  25  2:32  Marine  
  25  2:34  Supply Depot  
  26  2:38  SCV  
  26  2:43  Orbital Command  
  27  2:50  Marine, SCV  
  29  2:57  Marine  
  30  3:01  Bunker  
  30  3:05  SCV  
  30  3:08  Marine, SCV  
  33  3:13  Refinery  
  33  3:15  Marine  
  33  3:18  SCV  
  35  3:25  Marine  
  36  3:28  Engineering Bay  
  36  3:32  Engineering Bay  
  36  3:33  Marine  
  37  3:36  Factory  
  37  3:45  Barracks Tech Lab  
  37  3:46  SCV  
  37  3:48  SCV  
  39  3:51  Barracks Reactor  
  39  4:00  Terran Infantry Weapons Level 1  
  39  4:01  Terran Infantry Armor Level 1  
  39  4:09  Stimpack  
  39  4:11  Marauder  
  39  4:14  SCV  
  42  4:24  SCV  
  42  4:26  SCV  
  43  4:36  SCV  
  43  4:38  SCV  
  45  4:42  Armory  
  39  5:01  Marine x2, Marauder  
  40  5:08  SCV x2  
  42  5:15  Bunker  
  42  5:18  Marine  
  42  5:19  Marine  
  42  5:20  SCV x2  
  45  5:22  Marauder  
  45  5:28  Bunker  
  47  5:32  SCV x2  
  49  5:36  Marine x2  
  51  5:44  Supply Depot, SCV, Marauder  
  51  5:46  SCV  
  51  5:47  Supply Depot x2  
  51  5:49  Barracks  
  47  5:50  Barracks  
  47  5:56  SCV  
  43  6:01  Bunker  
  31  6:16  Orbital Command  
  31  6:22  Marine x2, Marauder  
  26  6:35  SCV  
  27  6:40  Marine x2  
  27  6:43  Marine, Marauder  
  25  6:57  Marine  
  25  6:58  Marine  
  23  7:01  Marine  
  23  7:04  Marine  
  22  7:09  SCV x2  
  22  7:10  Marine  
  21  7:17  Marine  
  21  7:21  SCV  
  21  7:22  SCV  
  17  7:27  Supply Depot  
Tags
 
League
Bronze
Matchup
TvZ
Spawn Locations
Cross Positions
Add a new tag
Caveats
  • Supply blocks, unpowered buildings, or Contaminate may cause inaccurate times.
  • Supply counts are checked every 10 seconds.